[Event "Czech Open-Rapid 2022"]
[Site "Pardubice"]
[Date "2022.07.20"]
[Round "1.1"]
[White "Lev, Lukas"]
[Black "Korobov, Anton"]
[Result "0-1"]
[ECO "A05"]
[WhiteElo "1679"]
[BlackElo "2692"]
[Annotator "TA"]
[PlyCount "60"]
[EventDate "2022.07.20"]
[EventType "swiss"]
[EventCountry "CZE"]
[SourceTitle "playchess.com"]
[Source "ChessBase"]
[SourceQuality "1"]
[TimeControl "1200+10"]

1. Nf3 Nf6 2. g3 b5 3. Bg2 Bb7 4. O-O e6 5. d3 d5 6. Nbd2 Be7 7. c4 {[%emt 0:00:07] A05: Réti Opening: 1 Nf3 Nf6.} (7. e4 {might be stronger.}) 7... a6 {[%emt 0:00:14] [#]} (7... bxc4 $11 8. dxc4 O-O) 8. Qc2 $146 ({Predecessor:} 8. b3 O-O 9. Bb2 Nbd7 10. Qc2 c5 11. e3 Qb6 12. Rab1 Rac8 13. h3 Rfd8 14. Rfd1 Bf8 {0-1 (70) Mikhalevski,V (2536)-Milanovic,D (2469) Berlin 2015}) 8... O-O 9. a3 {[%emt 0:00:39] The position is equal.} c5 10. Nb3 Nbd7 11. Bf4 Rc8 12. Rad1 Qb6 13. Ne5 Rfd8 14. Nd2 {[%emt 0:03:49] White does not recover from this.} (14. Nxd7 $15 Rxd7 15. Rfe1) 14... Nxe5 $19 15. Bxe5 Ng4 16. Bf4 (16. Nf3 $142) 16... e5 17. h3 exf4 18. hxg4 fxg3 19. fxg3 Qg6 20. cxd5 Bxd5 ({Worse is} 20... Qxg4 21. e4) 21. e4 Be6 ({Weaker is} 21... Qxg4 22. exd5 Qxg3 23. Ne4 $16) 22. Bf3 h5 23. gxh5 $2 (23. Kg2 hxg4 24. Be2) 23... Qxg3+ 24. Bg2 c4 {[%emt 0:00:10][%cal Bc5c4,Bc4d3][%mdl 32] [#] ( -> ...Bc5+)} 25. Rf3 Qg5 {[%emt 0:00:09] ...cxd3 is the strong threat.} 26. Nf1 cxd3 27. Qb1 Rc2 {[%emt 0:00:10][%csl Gc2][%cal Rg5g2] Black mates.} 28. Rg3 Bc5+ {[%emt 0:00:13] A strong pair of Bishops.} 29. Kh1 Qh4+ 30. Nh2 Qxg3 {[%emt 0:00:04] Weighted Error Value: White=1.08/Black=0.35} 0-1

[Event "Czech Open-Rapid 2022"]
[Site "Pardubice"]
[Date "2022.07.20"]
[Round "1.2"]
[White "Donchenko, Alexander"]
[Black "Dolensky, Filip"]
[Result "1-0"]
[ECO "A05"]
[WhiteElo "2640"]
[BlackElo "2051"]
[Annotator "TA"]
[PlyCount "91"]
[EventDate "2022.07.20"]
[EventType "swiss"]
[EventCountry "CZE"]
[SourceTitle "playchess.com"]
[Source "ChessBase"]
[SourceQuality "1"]
[TimeControl "1200+10"]

1. Nf3 Nf6 2. g3 g6 3. Bg2 Bg7 4. O-O d6 5. d4 O-O 6. b3 c6 7. Bb2 Bf5 {[%emt 0:00:18] is now more promising than 7...Nbd7.} 8. Nbd2 {[%emt 0:00:07] [#]} Be4 $146 {[%emt 0:00:38] A49: 1 d4 Nf6 2 Nf3 g6 3 g3: Anti-King's Indian systems.} ({Predecessor:} 8... d5 9. c4 Ne4 10. Re1 Nxd2 11. Qxd2 a5 12. Ne5 a4 13. Red1 Be6 14. cxd5 cxd5 15. Rdc1 Qb6 16. Ba3 axb3 17. axb3 {0-1 (37) Donchenko,A (2619)-Bortnyk,O (2604) Chess.com INT 2022}) 9. Nxe4 Nxe4 10. c4 e6 {[%emt 0:00:10] White is slightly better.} 11. Qc2 d5 12. Ne5 Nd6 13. h4 Re8 14. Bf3 Nd7 15. h5 Nxe5 16. dxe5 Nf5 17. Rad1 Qg5 18. hxg6 hxg6 19. e4 dxe4 20. Bxe4 (20. Qxe4 $5 Rad8 21. Bc1 $14) 20... Rad8 {[%emt 0:00:11] Against Rd7} 21. b4 Bf8 22. a3 Rxd1 23. Rxd1 Rd8 {[%emt 0:00:16] Prevents Rd7.} 24. Bc1 {[%emt 0:00:31] Prevents Ne3.} Qe7 25. Rxd8 Qxd8 26. Qd3 Qxd3 27. Bxd3 $11 {[%emt 0:00:02][%mdl 4096] Endgame KBB-KBN} Bg7 28. Bb2 Kf8 29. Kg2 Ke8 30. g4 Ne7 31. f4 Kd7 32. Bd4 Nc8 33. Kf3 Bf8 34. f5 gxf5 35. gxf5 b6 (35... Bh6 $11 {keeps the balance.}) 36. f6 $16 c5 37. Bc3 {[%emt 0:00:15] White is more active.} Ke8 (37... cxb4 $16 {keeps fighting.} 38. axb4 a6) 38. b5 $18 {[%emt 0:00:27][%cal Bb4b5,Bb5a6][%mdl 32] [#] Black must now prevent Bd2.} Kd8 $2 (38... Bh6 39. a4 Kd8) 39. Bd2 a6 40. bxa6 Na7 41. Be4 {[%emt 0:00:10] Threatens to win with a4.} Kd7 42. a4 {[%emt 0:00:14] [#] White wants to mate with Kg4.} Kd8 43. Kg4 Kc7 44. Kh5 {[%emt 0:00:03] Intending Bb7 and mate.} Kd8 45. Bh6 Ke8 46. Bg7 {[%emt 0:00:04] Weighted Error Value: White=0.06 (flawless) /Black=0.52} 1-0

[Event "Czech Open-Rapid 2022"]
[Site "Pardubice"]
[Date "2022.07.20"]
[Round "1.3"]
[White "Maklakova, Naomi"]
[Black "Harsha Bharathakoti"]
[Result "0-1"]
[ECO "D02"]
[WhiteElo "1548"]
[BlackElo "2547"]
[Annotator "TA"]
[PlyCount "70"]
[EventDate "2022.07.20"]
[EventType "swiss"]
[EventCountry "CZE"]
[SourceTitle "playchess.com"]
[Source "ChessBase"]
[SourceQuality "1"]
[TimeControl "1200+10"]

1. d4 d5 2. Nf3 e6 3. Bf4 Nf6 4. e3 c5 5. c3 Bd6 6. Bg3 Qc7 7. Bd3 Nbd7 8. Nbd2 O-O 9. O-O {[%emt 0:00:06] D02: 1 d4 d5 2 Nf3 sidelines, including 2...Nf6 3 g3 and 2...Nf6 3 Bf4.} Bxg3 10. hxg3 e5 11. dxe5 {[%emt 0:00:07] The position is equal.} Nxe5 12. Nxe5 Qxe5 13. Re1 Rd8 14. Qf3 {[%emt 0:02:27] [#]} Be6 $146 ({Predecessor:} 14... b6 15. Qf4 Qh5 16. Be2 Bg4 17. f3 Bd7 18. Bd3 Re8 19. e4 Qg6 20. g4 Bc6 {½-½ (60) Arencibia Monduy,A (2148)-Brodsky,D (2455) Chess.com INT 2020}) 15. e4 (15. a4 $11 {remains equal.}) 15... Bg4 $17 16. Qe3 {[%emt 0:00:39] [#]} d4 $1 $36 {[%emt 0:00:02][%mdl 2048] Black has strong initiative.} 17. cxd4 {[%emt 0:00:13][%mdl 8192] Loses the game.} (17. Nc4 $17) 17... Qxd4 $19 18. Qxd4 Rxd4 19. Nb3 Rxd3 20. f3 Be6 ({Wrong is} 20... c4 $2 21. Nc5 Rd2 22. fxg4 $19) 21. Nxc5 Rd2 22. b3 Rc8 23. Nxe6 fxe6 24. Rac1 Rcc2 {[%emt 0:00:15] Black is clearly winning.} 25. Rxc2 Rxc2 {[%emt 0:00:02][%mdl 4096] Endgame KRN-KR} 26. a4 Kf7 27. Rd1 Ke7 {[%emt 0:00:02] Against Rd8} 28. Rd3 Nd7 29. b4 Rc4 30. Rb3 Ne5 31. Kf2 {[%emt 0:00:46] [#]} Rxb4 $3 32. Rc3 (32. Ra3 Rb2+) 32... Nc4 33. Ke2 Rxa4 34. Kd3 b5 {[%emt 0:00:03] aiming for ...Ra3.} 35. Rb3 Ra3 {[%emt 0:00:03] Weighted Error Value: White=0.66/Black=0.06 (flawless)} 0-1

[Event "Czech Open-Rapid 2022"]
[Site "Pardubice"]
[Date "2022.07.20"]
[Round "1.4"]
[White "Babula, Vlastimil sr"]
[Black "Dusek, Vladimir"]
[Result "0-1"]
[ECO "C02"]
[WhiteElo "2556"]
[BlackElo "1596"]
[Annotator "TA"]
[PlyCount "39"]
[EventDate "2022.07.20"]
[EventType "swiss"]
[EventCountry "CZE"]
[SourceTitle "playchess.com"]
[Source "ChessBase"]
[SourceQuality "1"]
[TimeControl "1200+10"]

1. e4 e6 2. d4 d5 3. e5 c5 4. c3 Nc6 5. Nf3 Bd7 6. Bd3 Qb6 7. O-O {[%emt 0:00:05] 7.0-0 is better than 7.dxc5.} (7. dxc5 $142 Bxc5 8. O-O) 7... cxd4 $11 {[%emt 0:00:32] C02: French: Advance Variation.} 8. Re1 dxc3 9. Nxc3 Nge7 {[%emt 0:00:11] The position is equal.} 10. Be3 {[%emt 0:01:03] [#]} Qc7 $146 (10... Qxb2 $2 11. Nb5 $18) (10... Qd8 $11) ({Predecessor:} 10... Qd8 11. Bg5 h6 12. Nb5 Qb6 13. Be3 d4 14. Nfxd4 Nd5 15. Nxe6 Nxe3 16. Nec7+ Kd8 17. Rxe3 Rc8 18. e6 fxe6 19. Nxe6+ Bxe6 20. Rxe6 Bc5 21. Bf5+ Bd4 22. Nxd4 {1-0 (22) Gracia Alvarez,G (2237)-Al Tarbosh,W (2213) Chess.com INT 2022}) 11. Nb5 $18 Qb8 12. Nd6+ {[%emt 0:00:04][%mdl 64] [#] Deflection} Kd8 13. Nxf7+ Ke8 14. Nxh8 Nxe5 15. Bf4 Nxf3+ 16. Qxf3 ({Weaker is} 16. gxf3 Qxf4 17. Bxh7 Kd8 $14) 16... Qd8 17. Qh5+ {[%emt 0:00:17] White mates.} g6 18. Qxh7 Bc8 19. Bb5+ Nc6 20. Qf7# {[%emt 0:00:03][%mdl 32768] Black did not feel at home in the position after the opening.  Weighted Error Value: White=0.13 (very precise) /Black=0.76. Loss on time!?} 0-1

[Event "Czech Open-Rapid 2022"]
[Site "Pardubice"]
[Date "2022.07.20"]
[Round "1.5"]
[White "Mlejnek, Stanislav"]
[Black "Plat, Vojtech"]
[Result "0-1"]
[ECO "B31"]
[WhiteElo "1666"]
[BlackElo "2554"]
[Annotator "TA"]
[PlyCount "86"]
[EventDate "2022.07.20"]
[EventType "swiss"]
[EventCountry "CZE"]
[SourceTitle "playchess.com"]
[Source "ChessBase"]
[SourceQuality "1"]
[TimeControl "1200+10"]

1. e4 c5 2. Nf3 Nc6 3. Bb5 g6 4. O-O Bg7 5. c3 Nf6 6. Re1 O-O 7. d4 cxd4 {[%emt 0:00:01] 7...d5 injects fresh life into this line.} 8. Nxd4 (8. cxd4 {feels stronger.} a6 9. Bxc6 dxc6 10. h3) 8... a6 {[%emt 0:00:42] B31: Sicilian: 2...Nc6 3 Bb5 g6.} 9. Bf1 d6 {[%emt 0:00:08] [#]} 10. g3 $146 ({Predecessor:} 10. a4 Bd7 11. Nd2 Rc8 12. N2f3 Qb6 13. Qb3 Qxb3 14. Nxb3 Ng4 15. Bg5 h6 16. Bh4 {1-0 (51) Zadrapa,R (2025)-Skiba,A (1795) Vsetin 2019}) 10... Bd7 {[%emt 0:00:04] The position is equal.} 11. Bg2 Rc8 12. Nd2 Ne5 13. N2f3 Qb6 14. Nxe5 dxe5 15. Nf3 Qc7 16. Bd2 Bc6 17. Qc2 Rfd8 18. Rad1 Ne8 19. Bc1 Nd6 20. Bh3 {[%emt 0:01:20] [#]} e6 (20... Bxe4 $1 $17 21. Rxe4 Nxe4 22. Bxc8 (22. Rxd8+ $2 Rxd8 23. Ng5 Nd6 $19) 22... Rxd1+ 23. Qxd1 Qxc8) 21. Bg5 $11 Rd7 22. Nd2 h6 23. Be3 Rcd8 24. Bg2 Kh7 25. Nb3 b6 {[%emt 0:00:06] Inhibits Nc5.} 26. h4 Qb7 27. Bc1 (27. Nd2 $11) 27... f5 $15 28. Nd2 {[%emt 0:00:36] [#]} Nxe4 $1 {[%emt 0:00:50] Black is more active. Black keeps a firm grip on the game.} 29. Nxe4 Rxd1 30. Rxd1 Rxd1+ 31. Qxd1 {[%emt 0:00:30] Threatens to win with Nd6.} Bxe4 32. Bxe4 Qxe4 $17 {[%emt 0:00:02][%mdl 4096] Endgame KQB-KQB} 33. Be3 b5 34. Qb3 (34. a3 $17 {was worth a try.}) 34... f4 $19 35. Bb6 Qc6 36. Ba5 fxg3 37. fxg3 e4 {[%emt 0:00:53] aiming for ...Qd6.} 38. Qc2 Be5 39. g4 (39. Qf2 $17 {might work better.}) 39... Qd5 40. a3 (40. Qe2 {is a better defense.}) 40... Bf6 41. Qf2 (41. h5 $142 Qd3 42. Qxd3 exd3 43. Kf1) 41... Qd1+ 42. Kh2 Be5+ 43. Kh3 Qh1+ {[%emt 0:00:07] Weighted Error Value: White=0.48/Black=0.12 (very precise)} 0-1

[Event "Czech Open-Rapid 2022"]
[Site "Pardubice"]
[Date "2022.07.20"]
[Round "1.6"]
[White "Stocek, Jiri"]
[Black "Lihotsky, Lukas"]
[Result "1-0"]
[ECO "B13"]
[WhiteElo "2548"]
[BlackElo "1935"]
[Annotator "TA"]
[PlyCount "101"]
[EventDate "2022.07.20"]
[EventType "swiss"]
[EventCountry "CZE"]
[SourceTitle "playchess.com"]
[Source "ChessBase"]
[SourceQuality "1"]
[TimeControl "1200+10"]

1. e4 c6 2. d4 d5 3. exd5 cxd5 4. c4 Nf6 5. Nc3 Nc6 6. Bf4 Bg4 {[%emt 0:01:21] B13: Caro-Kann: Exchange Variation and Panov-Botvinnik Attack.} (6... g6 $142) 7. f3 Bf5 8. c5 e6 ({Black should play} 8... Nd7 $1 $15) 9. Bb5 $11 Be7 10. Nge2 O-O {[%emt 0:00:12] [#]} 11. Qd2 $146 ({Predecessor:} 11. O-O Rc8 12. a3 Ne8 13. b4 Bg5 14. Bg3 h5 15. Bxc6 bxc6 16. Qb3 h4 17. Bf2 {0-1 (47) Lang,S (1506)-Brozka,K (1816) Pardubice 2019}) 11... Re8 12. O-O Nd7 13. Bg3 Rc8 14. Rac1 Bg5 15. f4 Be7 16. Bf2 Nf6 17. h3 Ne4 18. Nxe4 Bxe4 19. Nc3 f5 20. Be3 Rf8 21. b4 Qe8 22. Be2 a6 23. a4 Bh4 24. Bf2 Bxf2+ 25. Rxf2 Qg6 26. b5 axb5 27. axb5 Ne7 28. Na4 Ra8 29. Nb6 {[%emt 0:00:20] And now c6 would win.} Ra3 30. Rc3 Rxc3 31. Qxc3 Qe8 {[%emt 0:00:32] Prevents Nd7.} 32. Bf1 {[%emt 0:00:31] White is more active.} Qd8 33. Ra2 Qc7 34. g3 (34. Qd2 $16) 34... h6 (34... g5 $1 $11) 35. h4 (35. Na8 $16 Qc8 36. b6 (36. Nb6 Qc7 $16)) 35... g5 $1 36. Qc1 (36. hxg5 $11 {and White has nothing to worry.} hxg5 37. Na8 (37. fxg5 f4 $15)) 36... Ng6 $2 (36... gxh4 $19 {...Kh7 is the strong threat.} 37. Qe3 Kh7) 37. h5 $14 (37. hxg5 hxg5 38. Kf2 gxf4 39. gxf4 Qh7 $17) 37... Ne7 (37... Nh8 $1 $11 {remains equal.}) 38. Kh2 ({Better is} 38. Ra3 $16) 38... g4 $2 {[%emt 0:00:16] [#]} (38... Kh7 $1 $11 {and Black stays safe.}) 39. Qa1 (39. Kg1 $1 $18) 39... Kf7 $2 {[%emt 0:00:25][%mdl 8192] Black cannot hold the game after this.} (39... Nc8 $16 {is tougher.}) 40. Ra8 $18 Nc8 (40... Ng8 $142 41. Rxf8+ Kxf8) 41. Nxc8 Rxc8 42. b6 $2 (42. c6 Kf6 43. Qa3 bxc6 44. b6) 42... Qd7 $2 (42... Rxa8 43. Qxa8 (43. bxc7 Rxa1 44. c8=Q Rxf1 $11) 43... Qd7) 43. Rxc8 Qxc8 {[%emt 0:00:01][%mdl 4096] Endgame KQB-KQB} 44. Bb5 {[%emt 0:00:15] Strongly threatening Qa7.} Kf6 45. Qa7 {[%emt 0:00:19] aiming for Kg1.} Bf3 46. Kg1 Be4 47. Kf2 Bf3 48. Ke3 Bd1 49. Kd2 Bb3 50. Ba6 Qc6 {[%emt 0:00:12] [#]} (50... bxa6 51. b7 Qd8 52. Qb6 (52. b8=Q Qa5+ 53. Ke3 Qe1+ 54. Kd3 Bc4+ 55. Kc2 Qe2+ 56. Kc3 Qe3+ 57. Kc2 Qe2+ 58. Kc3 Qe3+ 59. Kc2 Qe2+ $11) 52... Qe8 53. b8=Q Ba4 54. Qxe8 Bxe8 55. Qxa6) (50... Qe8 $18 51. Bd3 (51. Qxb7 Qa4 $11) 51... Bc4) 51. Qb8 $1 {[%emt 0:00:17] Weighted Error Value: White=0.49/Black=0.62} 1-0

[Event "Czech Open-Rapid 2022"]
[Site "Pardubice"]
[Date "2022.07.20"]
[Round "1.7"]
[White "Rakhmangulova, Iulia"]
[Black "Pulpan, Jakub"]
[Result "0-1"]
[ECO "B23"]
[WhiteElo "1904"]
[BlackElo "2424"]
[Annotator "TA"]
[PlyCount "24"]
[EventDate "2022.07.20"]
[EventType "swiss"]
[EventCountry "CZE"]
[SourceTitle "playchess.com"]
[Source "ChessBase"]
[SourceQuality "1"]
[TimeControl "1200+10"]

1. e4 c5 2. Nc3 e6 3. g3 d5 4. exd5 exd5 5. d4 Nc6 6. Nge2 Bg4 {[%emt 0:00:09] White must now prevent ...cxd4.} 7. dxc5 {[%emt 0:00:16] [#] B23: Closed Sicilian: Lines without g3.} (7. Bg2 $1 $14 {stays ahead.}) 7... d4 $146 ({Inferior is} 7... Bf3 8. Rg1 $11) ({Predecessor:} 7... Bf3 8. Rg1 d4 9. Qd3 Bg4 10. Ne4 Be7 11. Bf4 Bxc5 12. Nxc5 Qa5+ 13. Bd2 Qxc5 14. O-O-O Nge7 {½-½ (48) Beaudaert,X-Fargere,F Montlucon 1997}) 8. Nb1 Bf3 {[%emt 0:00:09] Against Bg2} ({Worse is} 8... Bxc5 9. Bg2 $15) ({Black should try} 8... Qd5 $19 9. Rg1 O-O-O) 9. Rg1 $17 Bxc5 10. Nd2 Ne5 {[%emt 0:01:09] And now ...d3 would win.} 11. Bg2 {[%emt 0:01:28] [#]} Bxg2 {[%emt 0:00:20] Black is much more active. The white rooks are badly placed.} 12. Rxg2 Nf6 {[%emt 0:00:18] Weighted Error Value: White=0.48/Black=0.13 (very precise)} 0-1

[Event "Czech Open-Rapid 2022"]
[Site "Pardubice"]
[Date "2022.07.20"]
[Round "1.8"]
[White "Jirovsky, Milos"]
[Black "Egri, Tomas"]
[Result "1-0"]
[ECO "A05"]
[WhiteElo "2458"]
[BlackElo "1783"]
[Annotator "TA"]
[PlyCount "61"]
[EventDate "2022.07.20"]
[EventType "swiss"]
[EventCountry "CZE"]
[SourceTitle "playchess.com"]
[Source "ChessBase"]
[SourceQuality "1"]
[TimeControl "1200+10"]

1. Nf3 Nf6 2. c4 e6 3. g3 d5 4. Bg2 c6 5. Qc2 Be7 6. O-O O-O 7. d4 Nbd7 8. Rd1 b6 9. b3 Bb7 10. Nc3 Rc8 11. e4 dxe4 12. Nxe4 Nxe4 13. Qxe4 Nf6 14. Qc2 Qc7 {[%emt 0:00:23] E08: Closed Catalan: Main Line: 7 Qc2.} 15. Bf4 Bd6 16. Bxd6 Qxd6 {[%emt 0:00:02] White is slightly better.} 17. c5 Qc7 18. Ne5 Nd5 {[%emt 0:00:25] [#]} 19. a3 $146 ({Predecessor:} 19. Rac1 b5 20. Be4 h6 21. Re1 Rcd8 22. Qe2 Qe7 23. Bb1 a5 24. h4 Rfe8 25. Qe4 {½-½ (91) Hausrath,D (2475)-Heinrich,T (2172) Playchess.com INT 2020}) 19... Rfd8 20. Rac1 b5 21. Rd2 a5 22. Re1 b4 (22... Ra8 $14) 23. a4 Ba6 24. h4 Re8 25. h5 h6 26. f4 Qd8 27. Kh2 {[%emt 0:00:20] 0x0.0023601c7d42dp-1022s more active pieces.} Qf6 28. Rf2 {[%emt 0:00:31] aiming for f5.} Kh8 $2 {[%emt 0:00:43][%mdl 8192] [#]} (28... Ne7 $16 {is a better chance.}) 29. Bh3 ({Weaker is} 29. Nxc6 Rxc6 30. Bxd5 Rcc8 $16) 29... Ne7 30. Qe4 (30. f5 $142 {Threatens to win with fxe6.} exf5 31. Bxf5 Nxf5 32. Rxf5 Rxe5 33. Rexe5) 30... Bb7 $2 (30... Rc7 31. Kg1 Rf8) 31. Nd7 {[%emt 0:00:07] Weighted Error Value: White=0.17 (very precise) /Black=0.54} 1-0

[Event "Czech Open-Rapid 2022"]
[Site "Pardubice"]
[Date "2022.07.20"]
[Round "1.9"]
[White "Kvapil, Petr"]
[Black "Vykouk, Jan"]
[Result "0-1"]
[ECO "A16"]
[WhiteElo "1584"]
[BlackElo "2476"]
[Annotator "TA"]
[PlyCount "80"]
[EventDate "2022.07.20"]
[EventType "swiss"]
[EventCountry "CZE"]
[SourceTitle "playchess.com"]
[Source "ChessBase"]
[SourceQuality "1"]
[TimeControl "1200+10"]

1. c4 Nf6 2. Nc3 g6 3. d4 Bg7 4. g3 O-O 5. Bg2 d6 6. e3 c6 7. Nge2 Bd7 {[%emt 0:00:29] [#]} 8. Bd2 $146 {[%emt 0:00:29] E61: King's Indian: Early deviations for White, including Smyslov System.} ({Predecessor:} 8. O-O Qc8 9. Re1 Na6 10. e4 e5 11. f3 b5 12. cxb5 cxb5 13. a3 b4 14. axb4 Nxb4 15. Be3 a5 {0-1 (27) Rasmussen,K (2450)-Groszpeter,A (2495) Norresundby 1992}) 8... Qc8 9. O-O Bh3 10. Nf4 {[%emt 0:00:07] White has an edge.} Bxg2 11. Kxg2 e5 12. dxe5 ({Better is} 12. Nd3 $11) 12... dxe5 $15 13. Nfe2 Rd8 14. Qc2 Na6 15. a3 {[%emt 0:00:56] Prevents Nb4.} Qg4 16. Rad1 (16. e4 $15) 16... Qxc4 $17 ({Worse is} 16... e4 17. h3 Qf3+ 18. Kh2 $15) 17. Nc1 Nc5 18. b3 Qe6 {[%emt 0:00:26] Black is much more active.} 19. b4 Ncd7 20. Ne4 (20. e4 $17) 20... Nxe4 $19 21. Qxe4 Nf6 22. Qb1 (22. Qc2 $142) 22... Qd5+ 23. f3 e4 24. f4 Qc4 25. Qb3 Qxb3 26. Nxb3 b6 {[%emt 0:00:10] ...Rd3 is the strong threat.} 27. Bc3 $2 (27. Bc1) 27... Nd5 28. Bxg7 $2 (28. Bd2) 28... Nxe3+ {[%emt 0:00:07] Black is clearly winning.} ({And not} 28... Kxg7 29. Kf2 $17) 29. Kh3 Rxd1 30. Rxd1 Nxd1 {[%emt 0:00:04][%mdl 4096] Endgame KRN-KBN} 31. Bd4 e3 {[%emt 0:00:05] [#] White must now prevent ...e2.} 32. Nc1 c5 33. Be5 Rd8 34. Kg4 Rd2 35. Kf3 Rf2+ 36. Ke4 e2 37. Nd3 Rf1 {[%emt 0:00:08] [#] Strongly threatening ...c4.} 38. bxc5 e1=Q+ 39. Nxe1 Rxe1+ 40. Kd5 bxc5 {[%emt 0:00:05] White got outplayed after the opening.  Weighted Error Value: White=0.80/Black=0.16 (very precise)} 0-1

[Event "Czech Open-Rapid 2022"]
[Site "Pardubice"]
[Date "2022.07.20"]
[Round "1.10"]
[White "Luch, Michal"]
[Black "Babulova, Mariana"]
[Result "1-0"]
[ECO "D36"]
[WhiteElo "2375"]
[BlackElo "1631"]
[Annotator "TA"]
[PlyCount "53"]
[EventDate "2022.07.20"]
[EventType "swiss"]
[EventCountry "CZE"]
[SourceTitle "playchess.com"]
[Source "ChessBase"]
[SourceQuality "1"]
[TimeControl "1200+10"]

1. d4 d5 2. c4 e6 3. Nc3 Nf6 4. cxd5 exd5 5. Bg5 c6 6. Qc2 Bb4 7. e3 Nbd7 8. Bd3 {[%emt 0:00:03] D35: Queen's Gambit Declined: Exchange Variation.} h6 {[%emt 0:00:24] 8...h6 is better than 8...Qa5.} 9. Bh4 Qc7 10. Nge2 {[%emt 0:00:25] [#] White is slightly better.} b6 $146 (10... O-O $14) ({Predecessor:} 10... Bd6 11. Bg3 O-O 12. O-O Bxg3 13. Nxg3 Nb6 14. Rac1 Qe7 15. Qb3 Be6 16. Bb1 Ne8 {1-0 (46) Cherednichenko,S (2225)-Doluhanova,E Kiev 1998}) 11. O-O $16 {[%emt 0:00:27] aiming for e4.} O-O 12. Rac1 {[%emt 0:01:54][%cal Oc3b5] Hoping for Nb5! White is more active.} Bb7 13. Bf5 Bd6 14. h3 (14. Bxd7 $16 {Strongly threatening Bf5.} Qxd7 15. Bxf6 gxf6 16. Ng3) 14... c5 (14... Rfe8 $14) 15. Nb5 (15. Rfd1 {is more complex.} Qc6 16. Bxd7 Nxd7 17. dxc5 bxc5 18. Nxd5 Nb6 19. e4) 15... Qb8 (15... Bh2+ $16 16. Kh1 Qc6) 16. Bxf6 Nxf6 17. Nxd6 ({Much less strong is} 17. dxc5 $6 Bxc5 18. b4 Bxb4 $16) 17... Qxd6 18. dxc5 bxc5 19. Qxc5 Qe5 (19... Qxc5 $16 20. Rxc5 Ba6) 20. Nd4 $18 g6 21. Bd3 Rfc8 22. Qa5 Ne4 $2 {[%emt 0:01:26] [#]} (22... Qb8 {might work better.} 23. b3 Ne4) 23. Rxc8+ Bxc8 24. Nc6 Qg5 (24... Qd6 {was necessary.}) 25. Qxd5 Nc5 $2 {[%emt 0:01:58] [#]} (25... Qxd5 26. Ne7+ Kg7 27. Nxd5 Nc5) 26. Ne7+ $1 Qxe7 27. Qxa8 {[%emt 0:00:03] Weighted Error Value: White=0.46/Black=0.48} 1-0

[Event "Czech Open-Rapid 2022"]
[Site "Pardubice"]
[Date "2022.07.20"]
[Round "1.11"]
[White "Skoloud, Barnabas"]
[Black "Lalic, Bogdan"]
[Result "0-1"]
[ECO "B20"]
[WhiteElo "1852"]
[BlackElo "2412"]
[Annotator "TA"]
[PlyCount "54"]
[EventDate "2022.07.20"]
[EventType "swiss"]
[EventCountry "CZE"]
[SourceTitle "playchess.com"]
[Source "ChessBase"]
[SourceQuality "1"]
[TimeControl "1200+10"]

1. e4 c5 2. a3 Nc6 3. b4 Nf6 4. b5 Nd4 5. c3 Ne6 6. e5 {[%emt 0:00:33] B20: Sicilian: Unusual White 2nd moves.} Nd5 7. c4 Ndc7 {[%emt 0:00:16] [#]} 8. g3 $146 {[%emt 0:01:06] Black is better.} ({Predecessor:} 8. Nf3 g6 9. Bb2 Bg7 10. g3 b6 11. Bg2 Bb7 12. O-O O-O 13. d3 a6 14. bxa6 Rxa6 {0-1 (55) Vlasov,S (2229)-Gorbatov,A (2389) Moscow 2018}) 8... g6 9. f4 Bg7 10. Nc3 d6 11. Bg2 dxe5 12. fxe5 Bxe5 13. Qe2 (13. Nf3 $17 {was called for.} Bg7 14. Bb2) 13... Bg7 $19 14. Nf3 (14. Rb1 $142) 14... Nd4 15. Nxd4 cxd4 ({Not} 15... Qxd4 16. Bb2 Qd8 17. O-O $15) 16. O-O dxc3 17. dxc3 O-O 18. Bg5 Ne6 {[%emt 0:00:10] Black is clearly winning.} 19. Rad1 Qc7 ({Worse is} 19... Nxg5 20. Rxd8 Rxd8 21. Qxe7 Nh3+ 22. Kh1 $15) 20. Bd2 Rb8 21. Bd5 b6 22. Rf2 Nd8 23. Re1 e5 24. Bg5 Be6 25. Bxd8 Rbxd8 26. Bc6 Qd6 27. a4 Qc5 {[%emt 0:00:03] White did not feel at home in the position after the opening.  Weighted Error Value: White=0.47/Black=0.09 (flawless)} 0-1